 Dungeon Crawl Stone Soup version 0.27.1-34-g3ba077fa99 (webtiles) character file.

Game seed: 4267518502131232804

70 Cykl0x the Slasher (level 4, -6/27 HPs)
             Began as a Gargoyle Gladiator on Jan 13, 2022.
             Killed by divine providence
             ... invoked by an orc priest
              (11 damage)
             ... on level 3 of the Dungeon.
             The game lasted 00:05:00 (2619 turns).

Cykl0x the Slasher (Gargoyle Gladiator)             Turns: 2619, Time: 00:05:01

Health: -6/27      AC: 15    Str: 19    XL:     4   Next: 22%
Magic:  4/4        EV: 10    Int:  8    God:
Gold:   126        SH:  0    Dex: 11    Spells: 3/3 levels left

rFire    . . .     SeeInvis .   a - +0 long sword
rCold    . . .     Faith    .   (no shield)
rNeg     + . .     Spirit   .   k - +0 scale mail
rPois    ∞         Reflect  .   c - +0 helmet
rElec    +         Harm     .   (no cloak)
rCorr    .         Rampage  .   (no gloves)
Will     .....                  (no boots)
Stlth    ..........             (no amulet)
HPRegen  0.09/turn              l - +4 ring of protection
MPRegen  0.09/turn              (no ring)

@: no status effects
A: sickness immunity, AC +3, negative energy resistance 1, electricity
resistance, torment resistance 1, petrification resistance
a: no special abilities


You were on level 3 of the Dungeon.
You visited 1 branch of the dungeon, and saw 3 of its levels.

You collected 126 gold pieces.

Inventory:

Hand Weapons
 a - a +0 long sword (weapon)
 h - a +4 rapier
Missiles
 d - 3 throwing nets
 e - 2 javelins
 g - 120 stones (quivered)
Armour
 b - a +0 leather armour
 c - a +0 helmet (worn)
 j - a +0 ring mail
 k - a +0 scale mail (worn)
Jewellery
 l - a +4 ring of protection (left hand)
Wands
 i - a wand of mindburst (11)
 m - a wand of iceblast (7)
Scrolls
 p - 2 scrolls of magic mapping {unknown}
Potions
 f - a potion of magic {unknown}
 n - a potion of lignification {unknown}
 o - a potion of brilliance {unknown}


   Skills:
 + Level 2.7 Fighting
 + Level 3.3 Long Blades
 + Level 2.0 Throwing
 * Level 1.5 Armour
 + Level 2.8 Dodging
 * Level 0.4 Spellcasting


You had 3 spell levels left.
You didn't know any spells.
Your spell library contained the following spells:

 Spells                   Type           Power      Damage    Failure   Level
 Sting                    Tmut/Pois      0%         1d3       78%         1
 Poisonous Vapours        Pois/Air       0%         N/A       89%         2
 Olgreb's Toxic Radiance  Pois           0%         N/A       100%        4


Dungeon Overview and Level Annotations

Branches:
Dungeon (3/15)

Altars:
Okawaru

Shops:
D:1 [


Innate Abilities, Weirdness & Mutations

You are immune to sickness and miasma.
Your stone body is resilient. (AC +3)
You are immune to poison.
You resist negative energy. (rN+)
You are resistant to electric shocks. (rElec)
You are resistant to unholy torment.
You are immune to petrification.


Message History

The orc wizard casts a spell.
The orc wizard flickers and vanishes!
Deactivating autopickup; reactivate with Ctrl-A.
Okay, then.
Okay, then.
You completely miss the ball python.
The ball python bites you but does no damage.
The ball python barely misses you.
The ball python bites you but does no damage.
The ball python grabs you. The ball python constricts you.
You hit the ball python.
You kill the ball python!
You hit the orc priest.
The orc priest is moderately wounded.
The orc priest hits you with a +0 dagger.
You barely miss the orc priest.
The orc priest is moderately wounded.
The orc priest hits you but does no damage.
You barely miss the orc priest.
The orc priest is moderately wounded.
The orc priest invokes the aid of Beogh against you.
You barely resist. You closely miss the orc. The orc closely misses you.
You closely miss the orc. The orc hits you but does no damage.
You hit the orc.
The orc is almost dead.
The orc priest invokes the aid of Beogh against you.
Beogh smites you!
Ouch! That really hurt!
* * * LOW HITPOINT WARNING * * *
The orc closely misses you.
You riposte.
You barely miss the orc.
The orc is almost dead.
You hit the orc.
You kill the orc!
The orc priest calls upon Beogh to heal something.
You hit the orc priest.
The orc priest is moderately wounded.
The orc priest invokes the aid of Beogh against you.
Beogh smites you!
You die...

..####.##{........##......#
#.###.###....##......# #.#
#o###....######'## #.#
#.o####'## #.# #.# ##o# #)#
#.# #.# #.## #.# #.##
########.# #o.# #.# #...
.......#.#####.###.## ####
.§....#.#....@o......# #.†
≈≈≈.≈....######.###..# #.#
§.§.≈....# ###..##..# #.#
..§.≈....# #....##..# #.#
_.≈.≈....# #.....#..# #.#
§.≈.≈....# #.....#..# #.#
.§..≈.#.## #........# #.#
§§≈.≈...# ######...# #.#
.§......##########...#####.#.#


You could see an orc priest.

Vanquished Creatures
  2 adders (D:2)
  2 dart slugs
  3 orcs (D:3)
  An endoplasm (D:1)
  A giant cockroach (D:1)
  4 goblins
  4 hobgoblins
  2 quokkas
  8 ball pythons
  3 bats
  A frilled lizard (D:3)
  5 kobolds
  11 rats
47 creatures vanquished.

Notes
Turn   | Place    | Note
-------+----------+-------------------------------------------
     0 | D:1      | Cykl0x the Gargoyle Gladiator began the quest for the Orb.
     0 | D:1      | Reached XP level 1. HP: 12/12 MP: 1/1
   141 | D:1      | Reached XP level 2. HP: 17/17 MP: 2/2
   305 | D:1      | Found Kynog's Antique Armour Shop.
   706 | D:1      | Reached skill level 3 in Long Blades
   909 | D:1      | Reached XP level 3. HP: 22/22 MP: 3/3
  1166 | D:2      | Found a faded altar of an unknown god.
  1291 | D:2      | Reached skill level 1 in Armour
  2125 | D:3      | Reached XP level 4. HP: 26/27 MP: 4/4
  2572 | D:3      | Found an iron altar of Okawaru.
  2619 | D:3      | Killed from afar by an orc priest

Illustrated notes

Levels and vault maps discovered:
D:1:      scummos_arrival_simple_fountains, layout_loops_ring, serial_shops,
          nicolae_shop_stone, corexii_corridor_pit
D:2:      layout_loops_ring, hellmonk_ecumenical_altar_heavens_door,
          nrook_mini_vaults, corexii_hall_statues_s
D:3:      minmay_door_path, layout_basic, mainiacjoe_overflow_cross_hatched

Skill      XL: |  1  2  3 |
---------------+----------+-----
Throwing       | 2 |  2.0
Long Blades    | 3 |  3.3
Armour         | 1 |  1.5
Fighting       | |  2.7
Dodging        | |  2.8
Spellcasting   | |  0.4

Action                   |  1- 3 |  4- 6 || total
-------------------------+-------+-------++-------
Melee: Long sword        |    84 |    30 ||   114
Throw: Javelin           |     2 |       ||     2
       Stone             |    26 |       ||    26
  Use: Scroll            |     1 |       ||     1
Armor: Leather armour    |    32 |       ||    32
       Ring mail         |     2 |     1 ||     3
       Scale mail        |       |    13 ||    13
Dodge: Dodged            |    74 |    15 ||    89
       Rpst.: Long sword |    26 |     6 ||    32
